 Dungeon Crawl Stone Soup version 0.25-a0-589-g1e14c549ee (webtiles) character file.

Game seed: 10522852085330790248, levelgen mode: deterministic

17 Esekla the Ducker (level 2, 0/14 HPs)
             Began as a Spriggan Artificer on Mar 10, 2020.
             Succumbed to an adder's poison
             ... on level 2 of the Dungeon.
             The game lasted 00:02:42 (572 turns).

Esekla the Ducker (Spriggan Artificer)               Turns: 572, Time: 00:02:42

Health: 0/14       AC:  2    Str:  8    XL:     2   Next: 44%
Magic:  6/6        EV: 19    Int: 12    God:
Gold:   56         SH:  0    Dex: 16    Spells: 1/1 levels left

rFire    . . .     SeeInvis +   a - +0 short sword
rCold    . . .     Gourm    .   (shield restricted)
rNeg     . . .     Faith    .   b - +0 robe
rPois    .         Spirit   .   (helmet restricted)
rElec    .         Reflect  .   (no cloak)
rCorr    .         Harm     .   (gloves unavailable)
MR       .....                  (boots unavailable)
Stlth    ++........             (no amulet)
HPRegen  0.04/turn              (no ring)
MPRegen  0.10/turn              (no ring)

@: lethally poisoned (0 -> -14), stab, very quick
A: very small, unfitting armour, see invisible, herbivore, speed 3, slow
metabolism 2
a: no special abilities


You were on level 2 of the Dungeon.
You were not hungry.

You visited 1 branch of the dungeon, and saw 2 of its levels.

You collected 56 gold pieces.

Inventory:

Hand Weapons
 a - a +0 short sword (weapon)
Armour
 b - a +0 robe (worn)
Jewellery
 l - an uncursed amulet of faith
Wands
 c - a wand of flame (15)
 d - a wand of enslavement (15)
 e - a wand of random effects (15)
Scrolls
 g - a scroll of blinking {unknown}
 h - 2 scrolls of remove curse {unknown}
 i - a scroll of amnesia {unknown}
 j - a scroll of random uselessness {unknown}
Potions
 k - a potion of stabbing
Comestibles
 f - 3 rations


   Skills:
 - Level 0.7 Fighting
 * Level 1.6 Short Blades
 * Level 4.3 Dodging
 + Level 1.5 Stealth
 - Level 4.0 Evocations


You had one spell level left.
You didn't know any spells.
Your spell library was empty.

Dungeon Overview and Level Annotations

Branches:
Dungeon (2/15)

Altars:


Innate Abilities, Weirdness & Mutations

You are very small and have problems with some larger weapons.
You are too small for most types of armour.
You have supernaturally acute eyesight. (SInv)
You are a herbivore.
You cover ground extremely quickly.
You need to consume almost no food.


Message History

The adder is lightly wounded.
The adder bites you. x2
You are lethally poisoned!
The adder poisons you!
You feel sick.
It was a potion of stabbing.
You feel ready to backstab. The adder closely misses you.
You barely miss the adder.
The adder is lightly wounded.
* * * LOW HITPOINT WARNING * * *
You feel sick. The adder closely misses you.
You miss the adder.
The adder is lightly wounded.
The adder bites you.
* * * LOW HITPOINT WARNING * * *
You are more poisoned.
The adder poisons you!
Okay, then.
You die...

#.. #.# #.### #.#..
#.#.# #.#.# .# #.#.#
####.## # #@#.#
#.....
#w#######.#.###.##.#
.........Sw##...#.#
K........#g#......##
#.##.#####.........#
#.##.......#w......#
##.##.#####.##...#..#
#####...#.#
#.###.##S.#
..........# #.#
#.##..#####


You could see a worm, an adder and a goblin.

Vanquished Creatures
  An adder (D:2)
  2 bats (D:1)
  A goblin (D:2)
  2 jackals (D:1)
  A frilled lizard (D:1)
  A kobold (D:1)
8 creatures vanquished.

Notes
Turn   | Place    | Note
-------+----------+-------------------------------------------
     0 | D:1      | Esekla the Spriggan Artificer began the quest for the Orb.
     0 | D:1      | Reached XP level 1. HP: 9/9 MP: 4/4
   517 | D:2      | Reached XP level 2. HP: 14/14 MP: 6/6
   572 | D:2      | Succumbed to an adder's poison

Levels and vault maps discovered:
D:1:      lemuel_arrival_rhombus, layout_basic
D:2:      layout_loops_ring, grunt_gozag_statues, first_ration

Skill      XL: |  1 |
---------------+----+-----
Dodging        | 4 |  4.3
Fighting       | |  0.7
Short Blades   | |  1.6
Stealth        | |  1.5
Evocations     | |  4.0

Action                   || total
-------------------------++-------
Melee: Short sword       ||    43
  Use: Potion            ||     1
Armor: Robe              ||     8
Dodge: Dodged            ||    38

Table legend:
 A = Non-vault XP
 B = Vault XP
 C = Vault XP percentage of total XP
 D = Non-vault monster count
 E = Vault monster count
 F = Vault count percentage of total count
                 A         B        C        D         E       F
            +---------+---------+-------+---------+---------+-------
      Total |      25 |       0 |   0.0 |       8 |       0 |   0.0
            +---------+---------+-------+---------+---------+-------
        D:1 |      10 |       0 |   0.0 |       6 |       0 |   0.0
        D:2 |      15 |       0 |   0.0 |       2 |       0 |   0.0
            +---------+---------+-------+---------+---------+-------
